 Dungeon Crawl Stone Soup version 0.15-a0-429-gf5d7e11 (webtiles) character file.

2904 Quh the Thaumaturge (level 9, -5/49 HPs)
             Began as a Deep Elf Wizard on May 6, 2014.
             Was a Believer of Vehumet.
             Slain by a blink frog (13 damage)
             ... on Level 3 of the Lair of Beasts.
             The game lasted 01:13:33 (10305 turns).

Quh the Thaumaturge (Deep Elf Wizard)              Turns: 10305, Time: 01:13:33

HP  -5/49        AC  8     Str  7      XL: 9   Next: 34%
MP   1/28        EV 14     Int 24      God: Vehumet [**....]
Gold 290         SH  0     Dex 13      Spells:  9 memorised,  3 levels left

rFire  . . .     SeeInvis .     e - +2,+0 spear (freeze)
rCold  . . .     Clarity  .     J - +0 robe
rNeg   . . .     Conserve .     (no shield)
rPois  .         rCorr    .     b - +0 hat
rElec  .         rRot     .     C - +0 cloak
SustAb . .       Spirit   .     f - +1 pair of gloves
rMut   .         Warding  .     p - +2 pair of boots {Fly}
Saprov . . .     Stasis   .     (no amulet)
MR     .....                    (no ring)
                                Q - ring of flight

@: repel missiles, flying, very slow, not resistant to hostile enchantments,
unstealthy
A: no striking features
a: Renounce Religion, Stop Flying


You were on level 3 of the Lair of Beasts.
You worshipped Vehumet.
Vehumet was pleased with you.
You were very hungry.

You visited 3 branches of the dungeon, and saw 12 of its levels.

You collected 290 gold pieces.

Inventory:

Hand weapons
 e - a +2,+0 spear of freezing (weapon)
Missiles
 g - 16 arrows
 j - 4 darts of frost (quivered)
 M - 4 poisoned darts
Armour
 a - a +0 robe
 b - a +0 hat (worn)
 f - a +1 pair of gloves (worn)
 p - a +2 pair of boots of flying (worn)
 r - a +0 robe
 s - a +0 robe
 y - a +0 robe
 C - a +0 cloak (worn)
 H - a pearl dragon hide
 J - a +0 robe (worn)
Magical devices
 v - a wand of fireball (4)
 D - a wand of cold (2)
 K - a wand of slowing (14)
 O - a wand of polymorph (20) {unknown}
Comestibles
 d - 4 bread rations
 z - 2 meat rations
Scrolls
 l - 2 scrolls of immolation
 m - 4 scrolls of identify
 o - 3 scrolls of remove curse
 q - 2 scrolls of recharging
 u - a scroll of noise
 x - a scroll of random uselessness
 E - a scroll of fear
 F - a scroll of fog {unknown}
 G - a scroll of summoning {unknown}
 L - a scroll of enchant weapon II {unknown}
Jewellery
 Q - a ring of flight (left hand)
Potions
 h - 3 potions of curing
 i - 2 potions of mutation
 k - 2 potions of heal wounds
 n - a potion of lignification
 t - a potion of paralysis
 A - a potion of magic
 B - a potion of might
 P - a potion of berserk rage {unknown}
Books
 c - a book of Minor Magic

   Spells                             Type                      Level
   *Magic Dart                        Conjuration                  1
   *Blink                             Translocation                2
   *Call Imp                          Summoning                    2
   *Repel Missiles                    Charms/Air                   2
   Slow                               Hexes                        2
   *Conjure Flame                     Conjuration/Fire             3
   *Mephitic Cloud                    Conjuration/Poison/Air       3
 I - a book of Air

   Spells                             Type                      Level
   *Shock                             Conjuration/Air              1
   *Swiftness                         Charms/Air                   2
   *Repel Missiles                    Charms/Air                   2
   Flight                             Charms/Air                   3
   Static Discharge                   Conjuration/Air              3
   *Lightning Bolt                    Conjuration/Air              5


   Skills:
 - Level 2.7 Fighting
 - Level 5.2 Dodging
 - Level 2.4 Stealth
 * Level 8.1 Spellcasting
 * Level 4.3 Conjurations
 - Level 4.8 Charms
 - Level 1.1 Summonings
 - Level 3.2 Translocations
 - Level 3.8 Fire Magic
 * Level 5.2 Air Magic
 - Level 3.1 Poison Magic
 - Level 4.6 Evocations


You had 3 spell levels left.
You knew the following spells:

 Your Spells              Type           Power        Failure   Level  Hunger
a - Magic Dart            Conj           ####         1%          1    None
b - Blink                 Tloc           N/A          2%          2    None
c - Call Imp              Summ           ###.....     8%          2    None
d - Repel Missiles        Chrm/Air       ####..       1%          2    None
e - Mephitic Cloud        Conj/Pois/Air  ####....     3%          3    None
f - Conjure Flame         Conj/Fire      ####....     3%          3    None
g - Shock                 Conj/Air       ####         1%          1    None
h - Lightning Bolt        Conj/Air       ####......   28%         5    ####...
i - Swiftness             Chrm/Air       ####....     1%          2    None


Dungeon Overview and Level Annotations

Branches:
Dungeon (8/15)             Temple (1/1) D:5            Lair (3/8) D:8
  Swamp: Lair:3-6    Shoals: Lair:3-6     Snake: Lair:3-6    Spider: Lair:3-6

Altars:
Cheibriados
Makhleb
Trog
Vehumet
Zin
The Shining One
Jiyva

Shops:
D:8 :


Message History

You blink.
You are feeling very hungry.
The yak barely misses you.
Casting: Blink
Confirm with . or Enter, or press ? or * to list all spells.
You blink.
There is a stone staircase leading down here.
You fly downwards.
Found a pear and an orange potion.
Found an escape hatch in the ceiling.
Found a stone staircase leading down.
There is a stone staircase leading up here.
A blink frog comes into view.
The yak gores you. 2 blink frogs come into view.
The blink frog croaks. x2 2 blink frogs come into view.
The yak gores you!
* * * LOW HITPOINT WARNING * * *
The blink frog hits you!
You die...

.... .......
#####......
...F#......#
............##..
................
.F.....!....>....
.F...F...........<
........F@........
......%..Y.........
.........<........
.................#
................P
.###.###.P..#P## ##
###### #


You could see a yak and 5 blink frogs.

Vanquished Creatures
  A water moccasin (D:6)
  A porcupine (Lair:1)
  2 sky beasts (D:7)
  An ice beast (D:8)
  A slave (D:7)
  4 ogres
  A centaur (D:5)
  6 giant frogs
  2 scorpions
  A crimson imp (D:7)
  A goliath beetle (D:6)
  3 hounds
  A gnoll shaman (D:6)
  A centaur skeleton (D:8)
  A giant frog skeleton (D:6)
  3 orc wizards (D:3)
  4 worker ants
  Natasha (D:5)
  2 iguanas
  7 gnolls
  10 adders
  3 shadow imps
  A giant mite (D:6)
  7 worms
  An ufetubus (D:5)
  An adder skeleton (D:4)
  A giant eyeball (D:5)
  6 giant geckos
  3 oozes
  17 orcs
  16 bats
  5 giant cockroaches
  7 goblins
  8 hobgoblins
  4 jackals (D:4)
  9 kobolds
  2 quokkas
  A ball python (D:2)
  A giant gecko skeleton (D:6)
  7 giant newts
  2 hobgoblin skeletons
  A kobold zombie (D:7)
  An orc skeleton (D:6)
  14 rats
  A rat skeleton (D:5)
  A rat zombie (D:5)
  A fungus (D:8)
175 creatures vanquished.

Vanquished Creatures (collateral kills)
  Pikel (D:7)
  Eustachio (D:5)
  A goliath beetle (D:3)
  An orc priest (D:3)
  An iguana (D:5)
  A gnoll (D:3)
  An adder (D:5)
  A worm (D:3)
  2 oozes (D:2)
  An orc (D:3)
  A hobgoblin (D:8)
  A giant newt (D:3)
  A kobold (D:3)
  A rat (D:3)
15 creatures vanquished.

Vanquished Creatures (others)
  8 crimson imps
  An orc wizard (D:7)
  5 shadow imps
  7 white imps
21 creatures vanquished.

Grand Total: 211 creatures vanquished

Notes
Turn   | Place    | Note
--------------------------------------------------------------
     0 | D:1      | Quh, the Deep Elf Wizard, began the quest for the Orb.
     0 | D:1      | Reached XP level 1. HP: 10/10 MP: 6/6
     4 | D:1      | Noticed a spriggan
     4 | D:1      | Noticed an ogre
     6 | D:1      | Noticed an octopode
     6 | D:1      | Noticed a human
     8 | D:1      | Noticed a felid
    10 | D:1      | Noticed a gargoyle
    10 | D:1      | Noticed a troll
    12 | D:1      | Noticed an elf
    12 | D:1      | Noticed a vampire
    14 | D:1      | Noticed a draconian
    16 | D:1      | Noticed a merfolk
    16 | D:1      | Noticed a naga
    18 | D:1      | Noticed a centaur
    18 | D:1      | Noticed a demigod
    20 | D:1      | Noticed a vine stalker
    20 | D:1      | Noticed a demonspawn
    22 | D:1      | Noticed a tengu
    24 | D:1      | Noticed a ghoul
    24 | D:1      | Noticed a dwarf
    26 | D:1      | Noticed a formicid
    26 | D:1      | Noticed a minotaur
   287 | D:1      | Reached skill level 5 in Spellcasting
   349 | D:1      | Reached XP level 2. HP: 12/15 MP: 5/11
   597 | D:1      | Learned a level 2 spell: Blink
   600 | D:1      | Learned a level 2 spell: Call Imp
   603 | D:1      | Learned a level 2 spell: Repel Missiles
  1196 | D:2      | Reached XP level 3. HP: 19/19 MP: 8/14
  1241 | D:2      | Learned a level 3 spell: Mephitic Cloud
  1245 | D:2      | Learned a level 3 spell: Conjure Flame
  1248 | D:2      | Found a viscous altar of Jiyva.
  1307 | D:2      | You fall through a shaft!
  1693 | D:4      | Reached skill level 1 in Air Magic
  1693 | D:4      | Reached XP level 4. HP: 17/24 MP: 1/17
  2107 | D:2      | Reached skill level 1 in Poison Magic
  2757 | D:3      | Found a radiant altar of Vehumet.
  2757 | D:3      | Found a glowing silver altar of Zin.
  2760 | D:3      | Became a worshipper of Vehumet
  2805 | D:3      | Reached XP level 5. HP: 25/28 MP: 1/20
  3596 | D:3      | Reached XP level 6. HP: 26/32 MP: 8/21
  4623 | D:4      | Noticed a scorpion
  4733 | D:5      | Entered Level 5 of the Dungeon
  5202 | D:4      | Killed a scorpion
  5665 | D:5      | Noticed Eustachio
  5679 | D:5      | Killed Eustachio
  5679 | D:5      | Reached skill level 6 in Spellcasting
  5679 | D:5      | Reached skill level 1 in Charms
  5679 | D:5      | Reached XP level 7. HP: 36/36 MP: 10/24
  5782 | D:5      | Reached skill level 1 in Fire Magic
  5821 | D:5      | Paralysed by a giant eyeball for 4 turns
  5829 | D:5      | Noticed Natasha
  5834 | D:5      | Killed Natasha
  6089 | D:5      | Found a staircase to the Ecumenical Temple.
  6096 | Temple   | Entered the Ecumenical Temple
  6112 | D:5      | Acquired Vehumet's first power
  6112 | D:5      | Offered knowledge of Shock by Vehumet.
  6584 | D:6      | Reached skill level 7 in Spellcasting
  6584 | D:6      | Reached XP level 8. HP: 37/41 MP: 9/26
  7131 | D:6      | Learned a level 1 spell: Shock
  7230 | D:6      | Reached skill level 1 in Evocations
  7453 | D:6      | Offered knowledge of Freeze by Vehumet.
  7926 | D:7      | Reached skill level 1 in Fighting
  7988 | D:7      | Noticed Pikel
  8738 | D:7      | Killed Pikel
  8738 | D:7      | Reached XP level 9. HP: 38/49 MP: 11/28
  9338 | D:7      | Reached skill level 5 in Dodging
  9762 | D:8      | Learned a level 5 spell: Lightning Bolt
  9765 | D:8      | Learned a level 2 spell: Swiftness
  9780 | D:8      | Found a snail-covered altar of Cheibriados.
  9780 | D:8      | Found a burning altar of Makhleb.
  9921 | D:8      | Found Imanij's Book Emporium.
  9933 | D:8      | Reached skill level 5 in Air Magic
 10006 | D:8      | Found a staircase to the Lair.
 10165 | Lair:1   | Entered Level 1 of the Lair of Beasts
 10179 | Lair:1   | Reached skill level 8 in Spellcasting
 10189 | Lair:1   | Noticed a spiny frog
 10305 | Lair:3   | Slain by a blink frog

Action                   |  1- 3 |  4- 6 |  7- 9 || total
-------------------------+-------+-------+-------++-------
Melee: Spear             |     3 |       |    16 ||    19
 Cast: Magic Dart        |   106 |   254 |   311 ||   671
       Call Imp          |       |    26 |    35 ||    61
       Blink             |       |     9 |    38 ||    47
       Mephitic Cloud    |       |    17 |    31 ||    48
       Repel Missiles    |       |       |     2 ||     2
       Shock             |       |       |    27 ||    27
       Swiftness         |       |       |     3 ||     3
Evoke: Wand              |       |       |     4 ||     4
  Use: Scroll            |       |     7 |     6 ||    13
       Potion            |       |     1 |     1 ||     2
